TOP OF THE 1ST |
Tri-City ValleyCats batting - Pitching for Lowell Spinners : RHP Michel van Kampen
|
Pitching: RHP Michel van Kampen
|
|
Batting: RHB Ben Hoffman
|
0-0: Ball 1-0: Ground out 6-3 (Groundball, 56, EV 86.2 MPH)
|
Batting: RHB Justin Olmstead
|
0-0: Called Strike 0-1: Swinging Strike 0-2: Strikes out swinging
|
Batting: LHB Vinny Siebecker
|
0-0: Swinging Strike 0-1: Ball 1-1: Swinging Strike 1-2: Strikes out swinging
|
Top of the 1st over - 0 runs, 0 hits, 0 errors, 0 left on base; Tri-City 0 - Lowell 0 |
BOTTOM OF THE 1ST |
Lowell Spinners batting - Pitching for Tri-City ValleyCats : RHP Chris Miles
|
Pitching: RHP Chris Miles
|
|
Batting: LHB Miguel Maymi
|
0-0: Ground out U3 (Groundball, 3, EV 84.4 MPH)
|
Batting: RHB Nick Cottrell
|
0-0: Ball 1-0: Foul Ball, location: 2F 1-1: Foul Ball, location: 2F 1-2: SINGLE (Groundball, 56S, EV 74.4 MPH) (infield hit)
|
Batting: RHB Guillermo Quintero
|
0-0: Ball 1-0: Called Strike 1-1: Ball 2-1: Called Strike 2-2: Fly out, F8 (Flyball, 8RS, EV 88.8 MPH)
|
Batting: RHB Tommy Boudreaux
|
0-0: Ball 1-0: SINGLE (Groundball, 6D, EV 100.6 MPH) Nick Cottrell to second
|
Batting: LHB Danny Montoya
|
0-0: Called Strike 0-1: SINGLE (Line Drive, 89S, EV 96.9 MPH) Nick Cottrell to third Tommy Boudreaux to second Throwing error, E8 Nick Cottrell scores Tommy Boudreaux to third Danny Montoya to second
|
Batting: RHB Joel Vazquez
|
0-0: Called Strike 0-1: Ball 1-1: Ball 2-1: Called Strike 2-2: Foul Ball, location: 2F 2-2: Foul Ball, location: 2F 2-2: Ball Wild Pitch! Tommy Boudreaux scores Danny Montoya to third 3-2: Base on Balls
|
Batting: LHB Masumi Abe
|
0-0: Ball 1-0: Ball 2-0: Ball 3-0: Base on Balls Joel Vazquez to second
|
Batting: RHB Mike Strey
|
0-0: Called Strike 0-1: Ball 1-1: Swinging Strike 1-2: Strikes out looking
|
Bottom of the 1st over - 2 runs, 3 hits, 1 error, 3 left on base; Tri-City 0 - Lowell 2 |
TOP OF THE 2ND |
Tri-City ValleyCats batting - Pitching for Lowell Spinners : RHP Michel van Kampen
|
Batting: SHB Chris Keziah
|
0-0: Ball 1-0: Called Strike 1-1: Called Strike 1-2: Strikes out looking
|
Batting: RHB Dan Kurtz
|
0-0: Ball 1-0: Swinging Strike 1-1: Swinging Strike 1-2: Strikes out swinging
|
Batting: SHB Salvador Gomez
|
0-0: Swinging Strike 0-1: Called Strike 0-2: Strikes out swinging
|
Top of the 2nd over - 0 runs, 0 hits, 0 errors, 0 left on base; Tri-City 0 - Lowell 2 |
BOTTOM OF THE 2ND |
Lowell Spinners batting - Pitching for Tri-City ValleyCats : RHP Chris Miles
|
Batting: RHB Jose Conde
|
0-0: Ball 1-0: Ball 2-0: Ball 3-0: Base on Balls
|
Batting: LHB Miguel Maymi
|
0-0: Called Strike 0-1: Ball 1-1: DOUBLE (Flyball, 8LD, EV 101.9 MPH) Jose Conde to third
|
Batting: RHB Nick Cottrell
|
0-0: Called Strike 0-1: Ball 1-1: Swinging Strike 1-2: Fly out, F5 (Popup, 5F, EV 64.4 MPH)
|
Batting: RHB Guillermo Quintero
|
0-0: Ball 1-0: Called Strike 1-1: Ball 2-1: SINGLE (Flyball, 89S, EV 86.9 MPH) Jose Conde scores Miguel Maymi to third Throwing error, E9 Miguel Maymi scores Guillermo Quintero to second
|
Batting: RHB Tommy Boudreaux
|
0-0: Ground out 4-3 (Groundball, 4MD, EV 103.1 MPH) Guillermo Quintero to third
|
Batting: LHB Danny Montoya
|
0-0: Called Strike 0-1: Ball 1-1: SINGLE (Groundball, 34D, EV 99.4 MPH) Guillermo Quintero scores
|
Batting: RHB Joel Vazquez
|
0-0: Ball 1-0: Called Strike 1-1: Foul Ball, location: 2F 1-2: DOUBLE (Line Drive, 8LXD, EV 108.8 MPH) Danny Montoya to third
|
Batting: LHB Masumi Abe
|
0-0: Foul Ball, location: 2F 0-1: Foul Ball, location: 2F 0-2: SINGLE (Groundball, 6S, EV 68.1 MPH) (infield hit) Danny Montoya scores Joel Vazquez to third
|
Batting: RHB Mike Strey
|
0-0: Hit by Pitch Masumi Abe to second
|
Batting: RHB Jose Conde
|
0-0: Ball 1-0: Ball 2-0: GRAND SLAM HOME RUN (Flyball, 7LD, EV 96.2 MPH), Distance : 353 ft
|
Pitching: RHP Ruben Pujols
|
|
Batting: LHB Miguel Maymi
|
0-0: Ball 1-0: Ball 2-0: Called Strike 2-1: Foul Ball, location: 2F 2-2: DOUBLE (Line Drive, 5D, EV 111.9 MPH)
|
Batting: RHB Nick Cottrell
|
0-0: Ball 1-0: Ball 2-0: Ball 3-0: Base on Balls
|
Batting: RHB Guillermo Quintero
|
0-0: Foul Ball, location: 2F 0-1: Foul Ball, location: 2F 0-2: Ball Balk! Miguel Maymi to third Nick Cottrell to second 1-2: Ground out 6-3 (Groundball, 6, EV 106.2 MPH)
|
Bottom of the 2nd over - 8 runs, 7 hits, 1 error, 2 left on base; Tri-City 0 - Lowell 10 |
TOP OF THE 3RD |
Tri-City ValleyCats batting - Pitching for Lowell Spinners : RHP Michel van Kampen
|
Batting: RHB San-pao Kao
|
0-0: Called Strike 0-1: Ground out 5-3 (Groundball, 56S, EV 66.9 MPH)
|
Batting: RHB Evan Fry
|
0-0: Ground out 5-3 (Groundball, 56S, EV 82.5 MPH)
|
Batting: RHB Mike Koch
|
0-0: Ball 1-0: Called Strike 1-1: Swinging Strike 1-2: Strikes out looking
|
Top of the 3rd over - 0 runs, 0 hits, 0 errors, 0 left on base; Tri-City 0 - Lowell 10 |
BOTTOM OF THE 3RD |
Lowell Spinners batting - Pitching for Tri-City ValleyCats : RHP Ruben Pujols
|
Batting: RHB Tommy Boudreaux
|
0-0: Ball 1-0: Ball 2-0: Called Strike 2-1: Ball 3-1: Swinging Strike 3-2: Base on Balls
|
Pitching: RHP Arsène Serre
|
|
Batting: LHB Danny Montoya
|
0-0: Foul Ball, location: 2F 0-1: Fly out, F5 (Flyball, 5D, EV 85.6 MPH)
|
Batting: RHB Joel Vazquez
|
0-0: Foul Ball, location: 2F 0-1: Foul Ball, location: 2F 0-2: Ball 1-2: Ball 2-2: Strikes out swinging
|
Batting: LHB Masumi Abe
|
0-0: Ball 1-0: TRIPLE (Groundball, 3L, EV 96.2 MPH) Tommy Boudreaux scores
|
Batting: RHB Mike Strey
|
0-0: Called Strike 0-1: Called Strike 0-2: Ball 1-2: Strikes out swinging
|
Bottom of the 3rd over - 1 run, 1 hit, 0 errors, 1 left on base; Tri-City 0 - Lowell 11 |
TOP OF THE 4TH |
Tri-City ValleyCats batting - Pitching for Lowell Spinners : RHP Michel van Kampen
|
Batting: RHB Ben Hoffman
|
0-0: Ball 1-0: Foul Ball, location: 2F 1-1: Called Strike 1-2: Ball 2-2: Ground out 6-3 (Groundball, 6, EV 83.8 MPH)
|
Batting: RHB Justin Olmstead
|
0-0: Swinging Strike 0-1: Ball 1-1: Fly out, F8 (Flyball, 8RM, EV 91.9 MPH)
|
Batting: LHB Vinny Siebecker
|
0-0: Called Strike 0-1: DOUBLE (Groundball, 5L, EV 109.4 MPH)
|
Batting: SHB Chris Keziah
|
0-0: Called Strike 0-1: Swinging Strike 0-2: Ball 1-2: Ground out 3-1 (Groundball, 34, EV 93.8 MPH)
|
Top of the 4th over - 0 runs, 1 hit, 0 errors, 1 left on base; Tri-City 0 - Lowell 11 |
BOTTOM OF THE 4TH |
Lowell Spinners batting - Pitching for Tri-City ValleyCats : RHP Arsène Serre
|
Batting: RHB Jose Conde
|
0-0: Foul Ball, location: 2F 0-1: DOUBLE (Groundball, 5L, EV 101.2 MPH)
|
Batting: LHB Miguel Maymi
|
0-0: Called Strike 0-1: Ball 1-1: Ball 2-1: Ground out 4-3 (Groundball, 4, EV 101.9 MPH) Jose Conde to third
|
Batting: RHB Nick Cottrell
|
0-0: Foul Ball, location: 2F 0-1: Foul Ball, location: 2F 0-2: Ball 1-2: Ball 2-2: Ball Passed Ball! Jose Conde scores 3-2: Base on Balls
|
Batting: RHB Guillermo Quintero
|
0-0: Swinging Strike 0-1: Ball 1-1: Called Strike 1-2: Foul Ball, location: 2F 1-2: Ball 2-2: Ball 3-2: Strikes out looking
|
Batting: RHB Tommy Boudreaux
|
0-0: Ball 1-0: Ball 2-0: Ball 3-0: Called Strike 3-1: Ground out U3 (Groundball, 3, EV 84.4 MPH)
|
Bottom of the 4th over - 1 run, 1 hit, 0 errors, 1 left on base; Tri-City 0 - Lowell 12 |
TOP OF THE 5TH |
Tri-City ValleyCats batting - Pitching for Lowell Spinners : RHP Michel van Kampen
|
Batting: RHB Dan Kurtz
|
0-0: Called Strike 0-1: Called Strike 0-2: Ball 1-2: TRIPLE (Line Drive, 89XD, EV 103.1 MPH)
|
Batting: SHB Salvador Gomez
|
0-0: Ground out U3 (Groundball, 13, EV 92.5 MPH) Dan Kurtz scores
|
Batting: RHB San-pao Kao
|
0-0: Swinging Strike 0-1: Ball 1-1: Swinging Strike 1-2: Strikes out looking
|
Batting: RHB Evan Fry
|
0-0: Ball 1-0: Ball 2-0: Foul Ball, location: 2F 2-1: SINGLE (Line Drive, 78M, EV 91.9 MPH)
|
Batting: RHB Mike Koch
|
0-0: Ball 1-0: Ball Evan Fry steals 2nd base (no throw) 2-0: Foul Ball, location: 2F 2-1: Ball 3-1: Base on Balls
|
Batting: RHB Ben Hoffman
|
0-0: Ball 1-0: Foul Ball, location: 2F 1-1: Foul Ball, location: 2F 1-2: Strikes out swinging
|
Top of the 5th over - 1 run, 2 hits, 0 errors, 2 left on base; Tri-City 1 - Lowell 12 |
BOTTOM OF THE 5TH |
Lowell Spinners batting - Pitching for Tri-City ValleyCats : RHP Arsène Serre
|
Batting: LHB Danny Montoya
|
0-0: Ground out 3-1 (Groundball, 13, EV 85.0 MPH)
|
Batting: RHB Joel Vazquez
|
0-0: Ball 1-0: Called Strike 1-1: Ball 2-1: SINGLE (Line Drive, 9LS, EV 101.9 MPH)
|
Batting: LHB Masumi Abe
|
0-0: SINGLE (Groundball, 6MD, EV 98.8 MPH) Joel Vazquez to second
|
Batting: RHB Mike Strey
|
0-0: Foul Ball, location: 2F 0-1: Foul Ball, location: 2F 0-2: Fly out, F8 (Flyball, 8LS, EV 95.6 MPH)
|
Batting: RHB Jose Conde
|
0-0: Ball 1-0: Ball 2-0: Ball 3-0: Called Strike 3-1: Fly out, F7 (Flyball, 7S, EV 83.8 MPH)
|
Bottom of the 5th over - 0 runs, 2 hits, 0 errors, 2 left on base; Tri-City 1 - Lowell 12 |
TOP OF THE 6TH |
Tri-City ValleyCats batting - Pitching for Lowell Spinners : RHP Michel van Kampen
|
Batting: RHB Justin Olmstead
|
0-0: Called Strike 0-1: Ball 1-1: Ball 2-1: Ground out 5-3 (Groundball, 5L, EV 106.9 MPH)
|
Batting: LHB Vinny Siebecker
|
0-0: Called Strike 0-1: Called Strike 0-2: Ball 1-2: Ball 2-2: Ground out 6-3 (Groundball, 6M, EV 103.8 MPH)
|
Batting: SHB Chris Keziah
|
0-0: Ball 1-0: Ball 2-0: Ball 3-0: Base on Balls
|
Batting: RHB Dan Kurtz
|
0-0: Called Strike Chris Keziah steals 2nd base (no throw) 0-1: Fly out, F5 (Flyball, 5D, EV 81.9 MPH)
|
Top of the 6th over - 0 runs, 0 hits, 0 errors, 1 left on base; Tri-City 1 - Lowell 12 |
BOTTOM OF THE 6TH |
Lowell Spinners batting - Pitching for Tri-City ValleyCats : RHP Arsène Serre
|
Batting: LHB Miguel Maymi
|
0-0: Called Strike 0-1: Called Strike 0-2: Ball 1-2: Foul Ball, location: 2F 1-2: Ball 2-2: Ground out 6-3 (Groundball, 6, EV 103.8 MPH)
|
Batting: RHB Nick Cottrell
|
0-0: Ball 1-0: Ball 2-0: Foul Ball, location: 2F 2-1: Called Strike 2-2: Foul Ball, location: 2F 2-2: Foul Ball, location: 2F 2-2: Ground out 1-3 (Groundball, 15, EV 74.4 MPH)
|
Batting: RHB Guillermo Quintero
|
0-0: Ball 1-0: Swinging Strike 1-1: SINGLE (Flyball, 89S, EV 96.2 MPH)
|
Batting: RHB Tommy Boudreaux
|
0-0: SINGLE (Flyball, 6D, EV 96.2 MPH) Guillermo Quintero to second
|
Batting: LHB Danny Montoya
|
0-0: Called Strike 0-1: Ball Wild Pitch! Guillermo Quintero to third Tommy Boudreaux to second 1-1: SINGLE (Line Drive, 56, EV 103.1 MPH) Guillermo Quintero scores Tommy Boudreaux to third
|
Batting: RHB Joel Vazquez
|
0-0: Called Strike 0-1: Ball 1-1: Fielders Choice at 2nd, 6-4 (Groundball, 6, EV 79.4 MPH)
|
Bottom of the 6th over - 1 run, 3 hits, 0 errors, 2 left on base; Tri-City 1 - Lowell 13 |
TOP OF THE 7TH |
Tri-City ValleyCats batting - Pitching for Lowell Spinners : RHP Michel van Kampen
|
Batting: SHB Salvador Gomez
|
0-0: Called Strike 0-1: Fly out, F9 (Flyball, 9, EV 90.6 MPH)
|
Batting: RHB San-pao Kao
|
0-0: Ball 1-0: Ball 2-0: Ball 3-0: Called Strike 3-1: Ground out 6-3 (Groundball, 6, EV 85.0 MPH)
|
Batting: RHB Evan Fry
|
0-0: Swinging Strike 0-1: Called Strike 0-2: Ball 1-2: Strikes out swinging
|
Top of the 7th over - 0 runs, 0 hits, 0 errors, 0 left on base; Tri-City 1 - Lowell 13 |
BOTTOM OF THE 7TH |
Lowell Spinners batting - Pitching for Tri-City ValleyCats : RHP Arsène Serre
|
Batting: LHB Masumi Abe
|
0-0: Called Strike 0-1: Ball 1-1: Ball 2-1: Ball 3-1: Called Strike 3-2: Base on Balls
|
Batting: RHB Mike Strey
|
0-0: Foul Ball, location: 2F 0-1: Called Strike 0-2: Strikes out swinging
|
Batting: RHB Jose Conde
|
0-0: Ball 1-0: Fielders Choice at 2nd, 6-4 (Groundball, 6, EV 96.2 MPH)
|
Batting: LHB Miguel Maymi
|
0-0: Ball 1-0: Ball 2-0: SINGLE (Groundball, 56D, EV 98.8 MPH) Jose Conde to second
|
Batting: RHB Nick Cottrell
|
0-0: Ball 1-0: Ball 2-0: Foul Ball, location: 2F 2-1: Foul Ball, location: 2F 2-2: Foul Ball, location: 2F 2-2: Ball 3-2: Foul Ball, location: 2F 3-2: Fly out, F9 (Flyball, 9LM, EV 101.9 MPH)
|
Bottom of the 7th over - 0 runs, 1 hit, 0 errors, 2 left on base; Tri-City 1 - Lowell 13 |
TOP OF THE 8TH |
Tri-City ValleyCats batting - Pitching for Lowell Spinners : RHP Michel van Kampen
|
Batting: RHB Mike Koch
|
0-0: Ball 1-0: Foul Ball, location: 2F 1-1: Swinging Strike 1-2: Foul Ball, location: 2F 1-2: Foul Ball, location: 2F 1-2: Foul Ball, location: 2F 1-2: Strikes out looking
|
Batting: RHB Ben Hoffman
|
0-0: Ball 1-0: Foul Ball, location: 2F 1-1: Swinging Strike 1-2: Strikes out looking
|
Batting: RHB Justin Olmstead
|
0-0: Ball 1-0: Ball 2-0: Called Strike 2-1: SINGLE (Line Drive, 8RS, EV 90.0 MPH)
|
Pitching: RHP Jeremy Seitz
|
|
Batting: LHB Vinny Siebecker
|
0-0: Called Strike 0-1: Foul Ball, location: 2F 0-2: Ball 1-2: Fielders Choice at 2nd, 5-4 (Groundball, 6, EV 106.2 MPH)
|
Top of the 8th over - 0 runs, 1 hit, 0 errors, 1 left on base; Tri-City 1 - Lowell 13 |
BOTTOM OF THE 8TH |
Lowell Spinners batting - Pitching for Tri-City ValleyCats : RHP Arsène Serre
|
Pinch Hitting: RHB Trent Hood
|
0-0: Called Strike 0-1: Ground out 4-3 (Groundball, 4, EV 102.5 MPH)
|
Batting: RHB Tommy Boudreaux
|
0-0: Ball 1-0: Ball 2-0: Ball 3-0: Called Strike 3-1: Foul Ball, location: 2F 3-2: Base on Balls
|
Batting: LHB Danny Montoya
|
0-0: Ball 1-0: Swinging Strike 1-1: SINGLE (Groundball, 6D, EV 101.9 MPH) Tommy Boudreaux to second
|
Batting: RHB Joel Vazquez
|
0-0: Ball 1-0: Called Strike 1-1: Foul Ball, location: 2F 1-2: Ball 2-2: Ball 3-2: Base on Balls Tommy Boudreaux to third Danny Montoya to second
|
Batting: LHB Masumi Abe
|
0-0: Ball 1-0: Called Strike 1-1: Foul Ball, location: 2F 1-2: Fielders Choice at 2nd, 4-6 (Groundball, 4, EV 85.0 MPH) Tommy Boudreaux scores Danny Montoya to third
|
Batting: RHB Mike Strey
|
0-0: Ball 1-0: Ball 2-0: Foul Ball, location: 2F 2-1: Swinging Strike 2-2: Fly out, F8 (Flyball, 8RD, EV 96.9 MPH)
|
Bottom of the 8th over - 1 run, 1 hit, 0 errors, 2 left on base; Tri-City 1 - Lowell 14 |
TOP OF THE 9TH |
Tri-City ValleyCats batting - Pitching for Lowell Spinners : RHP Jeremy Seitz
|
Now at 2B: Trent Hood
|
|
Batting: SHB Chris Keziah
|
0-0: Ball 1-0: Called Strike 1-1: Swinging Strike 1-2: Strikes out swinging
|
Batting: RHB Dan Kurtz
|
0-0: Foul Ball, location: 2F 0-1: Swinging Strike 0-2: Foul Ball, location: 2F 0-2: Strikes out swinging
|
Batting: SHB Salvador Gomez
|
0-0: Called Strike 0-1: Ball 1-1: Called Strike 1-2: Ball 2-2: Foul Ball, location: 2F 2-2: Foul Ball, location: 2F 2-2: Ball 3-2: Base on Balls
|
Batting: RHB San-pao Kao
|
0-0: Called Strike 0-1: Foul Ball, location: 2F 0-2: Ball 1-2: Strikes out swinging
|
Top of the 9th over - 0 runs, 0 hits, 0 errors, 1 left on base; Tri-City 1 - Lowell 14 |
|